SAA
LONG ISLAND SEAWOLVES @ DURHAM RAPIERS
07/19/2021
 
TOP OF THE 1ST
Long Island Seawolves batting - Pitching for Durham Rapiers : LHP David Cole
Pitching: LHP David Cole
Batting: RHB Jim Unknown 0-0: Called Strike
0-1: Ball
1-1: Fly out, F8 (Flyball, 8RS)
Batting: RHB David Morales 0-0: Ground out 4-3 (Groundball, 4M)
Batting: RHB Francisco García 0-0: Ground out 5-3 (Groundball, 5S)
Top of the 1st over - 0 run(s), 0 hit(s), 0 error(s), 0 left on base; Long Island 0 - Durham 0
BOTTOM OF THE 1ST
Durham Rapiers batting - Pitching for Long Island Seawolves : RHP Jim Unknown
Pitching: RHP Jim Unknown
Batting: RHB Esteban Garza 0-0: Ball
1-0: Called Strike
1-1: Ball
2-1: Ball
3-1: Base on Balls
Batting: RHB Harrison Blackford 0-0: Called Strike
0-1: Ball
1-1: Foul Ball, location: 2F
1-2: Ball
2-2: Ball
Esteban Garza is caught stealing 2nd base
3-2: Ground out 6-3 (Groundball, 6)
Batting: RHB Luis Tapia 0-0: Fly out, F7 (Popup, 5D)
Bottom of the 1st over - 0 run(s), 0 hit(s), 0 error(s), 0 left on base; Long Island 0 - Durham 0
TOP OF THE 2ND
Long Island Seawolves batting - Pitching for Durham Rapiers : LHP David Cole
Batting: RHB Jim Unknown 0-0: Ball
1-0: Called Strike
1-1: Ground out U3 (Groundball, 3S)
Batting: RHB Jim Unknown 0-0: Called Strike
0-1: Ball
1-1: SINGLE (Groundball, 34D)
Batting: SHB Terry Conley 0-0: Ball
1-0: Called Strike
1-1: Ball
2-1: Foul Ball, location: 2F
2-2: Strikes out swinging
Batting: RHB Jim Unknown 0-0: Called Strike
0-1: Called Strike
0-2: Ball
1-2: Fielders Choice at 2nd, U6 (Groundball, 6M)
Top of the 2nd over - 0 run(s), 1 hit(s), 0 error(s), 1 left on base; Long Island 0 - Durham 0
BOTTOM OF THE 2ND
Durham Rapiers batting - Pitching for Long Island Seawolves : RHP Jim Unknown
Batting: SHB Dan Godwin 0-0: Ball
1-0: Fly out, F9 (Flyball, 89M)
Batting: RHB Caleb Lee 0-0: Ball
1-0: Ball
2-0: Fly out, F9 (Flyball, 9S)
Batting: RHB Augusto Flores 0-0: Ball
1-0: Called Strike
1-1: Foul Ball, location: 2F
1-2: Ball
2-2: Strikes out swinging
Bottom of the 2nd over - 0 run(s), 0 hit(s), 0 error(s), 0 left on base; Long Island 0 - Durham 0
TOP OF THE 3RD
Long Island Seawolves batting - Pitching for Durham Rapiers : LHP David Cole
Batting: RHB Jim Unknown 0-0: Ball
1-0: Called Strike
1-1: Swinging Strike
1-2: Ball
2-2: Fly out, F9 (Popup, 4D)
Batting: SHB Jim Unknown 0-0: Foul Ball, location: 2F
0-1: Fly out, F8 (Flyball, 8RM)
Batting: RHB Jim Unknown 0-0: Called Strike
0-1: Swinging Strike
0-2: Strikes out swinging, 2-3 out at first.
Top of the 3rd over - 0 run(s), 0 hit(s), 0 error(s), 0 left on base; Long Island 0 - Durham 0
BOTTOM OF THE 3RD
Durham Rapiers batting - Pitching for Long Island Seawolves : RHP Jim Unknown
Batting: RHB Caleb Mitchell 0-0: Ball
1-0: Ground out 6-3 (Groundball, 6)
Batting: SHB Orlando López 0-0: Ball
1-0: Ball
2-0: Called Strike
2-1: Ball
3-1: Base on Balls
Batting: LHB Evan Nelson 0-0: Ball
1-0: Ball
2-0: Grounds out, U3 (Groundball, 3L)
Batting: RHB Esteban Garza 0-0: Ball
1-0: Ground out 5-3 (Groundball, 56S)
Bottom of the 3rd over - 0 run(s), 0 hit(s), 0 error(s), 1 left on base; Long Island 0 - Durham 0
TOP OF THE 4TH
Long Island Seawolves batting - Pitching for Durham Rapiers : LHP David Cole
Batting: RHB David Morales 0-0: Fly out, F7 (Flyball, 78D)
Batting: RHB Francisco García 0-0: Foul Ball, location: 2F
0-1: Ground out 4-3 (Groundball, 4)
Batting: RHB Jim Unknown 0-0: Fly out, F8 (Flyball, 8LM)
Top of the 4th over - 0 run(s), 0 hit(s), 0 error(s), 0 left on base; Long Island 0 - Durham 0
BOTTOM OF THE 4TH
Durham Rapiers batting - Pitching for Long Island Seawolves : RHP Jim Unknown
Batting: RHB Harrison Blackford 0-0: Called Strike
0-1: Ball
1-1: Foul Ball, location: 2F
1-2: Ground out 4-3 (Groundball, 4)
Batting: RHB Luis Tapia 0-0: Foul Ball, location: 2F
0-1: Foul Ball, location: 2F
0-2: Strikes out swinging
Batting: SHB Dan Godwin 0-0: Called Strike
0-1: Fly out, F7 (Flyball, 7M)
Bottom of the 4th over - 0 run(s), 0 hit(s), 0 error(s), 0 left on base; Long Island 0 - Durham 0
TOP OF THE 5TH
Long Island Seawolves batting - Pitching for Durham Rapiers : LHP David Cole
Batting: RHB Jim Unknown 0-0: Swinging Strike
0-1: Ball
1-1: Foul Ball, location: 2F
1-2: Ball
2-2: Foul Ball, location: 2F
2-2: DOUBLE (Flyball, 89D)
Batting: SHB Terry Conley 0-0: Ball
1-0: Ball
2-0: Ball
3-0: Base on Balls
Batting: RHB Jim Unknown 0-0: Ball
1-0: Bunted foul
1-1: Sac Bunt - play at first, batter OUT! 2-4
Jim Unknown to third
Terry Conley to second
Batting: RHB Jim Unknown 0-0: Ball
1-0: Swinging Strike
1-1: Ground out U3 (Groundball, 3)
Batting: SHB Jim Unknown 0-0: Fly out, F5 (Popup, 5SF)
Top of the 5th over - 0 run(s), 1 hit(s), 0 error(s), 2 left on base; Long Island 0 - Durham 0
BOTTOM OF THE 5TH
Durham Rapiers batting - Pitching for Long Island Seawolves : RHP Jim Unknown
Batting: RHB Caleb Lee 0-0: Ball
1-0: Ground out 3-1 (Groundball, 34)
Batting: RHB Augusto Flores 0-0: Ball
1-0: Ball
2-0: Ball
3-0: Called Strike
3-1: DOUBLE (Line Drive, 5L)
Batting: RHB Caleb Mitchell 0-0: Called Strike
0-1: Ball
1-1: Ball
2-1: Fly out, F9 (Flyball, 9M)
Batting: SHB Orlando López 0-0: Ball
1-0: Swinging Strike
1-1: Fly out, F9 (Flyball, 9M)
Bottom of the 5th over - 0 run(s), 1 hit(s), 0 error(s), 1 left on base; Long Island 0 - Durham 0
TOP OF THE 6TH
Long Island Seawolves batting - Pitching for Durham Rapiers : LHP David Cole
Batting: RHB Jim Unknown 0-0: Swinging Strike
0-1: Called Strike
0-2: Strikes out swinging
Batting: RHB David Morales 0-0: Ground out 6-3 (Groundball, 6)
Batting: RHB Francisco García 0-0: Foul Ball, location: 2F
0-1: Foul Ball, location: 2F
0-2: Foul Ball, location: 2F
0-2: Ball
1-2: Ball
2-2: Reached on error, E4 (Groundball, 4)
Batting: RHB Jim Unknown 0-0: Ground out 4-3 (Groundball, 4M)
Top of the 6th over - 0 run(s), 0 hit(s), 1 error(s), 1 left on base; Long Island 0 - Durham 0
BOTTOM OF THE 6TH
Durham Rapiers batting - Pitching for Long Island Seawolves : RHP Jim Unknown
Batting: LHB Evan Nelson 0-0: Ball
1-0: Swinging Strike
1-1: Foul Ball, location: 2F
1-2: Strikes out swinging
Batting: RHB Esteban Garza 0-0: Called Strike
0-1: Ball
1-1: Foul Ball, location: 2F
1-2: Ball
2-2: Ball
3-2: Strikes out looking
Batting: RHB Harrison Blackford 0-0: Ball
1-0: Swinging Strike
1-1: Ball
2-1: Ground out 6-3 (Groundball, 6M)
Bottom of the 6th over - 0 run(s), 0 hit(s), 0 error(s), 0 left on base; Long Island 0 - Durham 0
TOP OF THE 7TH
Long Island Seawolves batting - Pitching for Durham Rapiers : LHP David Cole
Batting: RHB Jim Unknown 0-0: Ball
1-0: Called Strike
1-1: Fly out, F4 (Line Drive, 4M)
Batting: SHB Terry Conley 0-0: Ground out 4-3 (Groundball, 4)
Batting: RHB Jim Unknown 0-0: Called Strike
0-1: Ball
1-1: Foul Ball, location: 2F
1-2: Foul Ball, location: 2F
1-2: Foul Ball, location: 2F
1-2: Strikes out looking
Top of the 7th over - 0 run(s), 0 hit(s), 0 error(s), 0 left on base; Long Island 0 - Durham 0
BOTTOM OF THE 7TH
Durham Rapiers batting - Pitching for Long Island Seawolves : RHP Jim Unknown
Batting: RHB Luis Tapia 0-0: SINGLE (Groundball, 6MD)
Batting: SHB Dan Godwin 0-0: Called Strike
0-1: Fly out, F8 (Flyball, 8LM)
Pinch Hitting: LHB Mayer Röhricht 0-0: Ball
1-0: Ball
2-0: Ball
3-0: Base on Balls
Luis Tapia to second
Batting: RHB Augusto Flores 0-0: Ball
1-0: Called Strike
1-1: Grounds into double play, 5-4-3 (Groundball, 5)
Bottom of the 7th over - 0 run(s), 1 hit(s), 0 error(s), 1 left on base; Long Island 0 - Durham 0
TOP OF THE 8TH
Long Island Seawolves batting - Pitching for Durham Rapiers : LHP David Cole
Now in LF: Mayer Röhricht
Batting: RHB Jim Unknown 0-0: Called Strike
0-1: Swinging Strike
0-2: Foul Ball, location: 2F
0-2: Ground out 6-3 (Groundball, 6)
Batting: SHB Jim Unknown 0-0: Called Strike
0-1: Foul Ball, location: 2F
0-2: Foul Ball, location: 2F
0-2: Ball
1-2: Ground out 2-3 (Groundball, 25)
Pinch Hitting: RHB Jim Unknown 0-0: Foul Ball, location: 2F
0-1: Ball
1-1: Foul Ball, location: 2F
1-2: Ball
2-2: Foul Ball, location: 2F
2-2: SINGLE (Groundball, 6MD)
Batting: RHB David Morales 0-0: Ball
1-0: Foul Ball, location: 2F
1-1: Ball
2-1: Fielders Choice at 2nd, U6 (Groundball, 6M)
Top of the 8th over - 0 run(s), 1 hit(s), 0 error(s), 1 left on base; Long Island 0 - Durham 0
BOTTOM OF THE 8TH
Durham Rapiers batting - Pitching for Long Island Seawolves : RHP Jim Unknown
Now at 1B: Jim Unknown
Batting: RHB Caleb Mitchell 0-0: Ball
1-0: Foul Ball, location: 2F
1-1: Foul Ball, location: 2F
1-2: Ball
2-2: Ground out 6-3 (Groundball, 6)
Pinch Hitting: RHB Ignacio Rodríguez 0-0: Ball
1-0: Ball
2-0: Fly out, F8 (Flyball, 8RS)
Batting: LHB Evan Nelson 0-0: Ball
1-0: Foul Ball, location: 2F
1-1: Ball
2-1: Ball
3-1: Base on Balls
Pinch Hitting: LHB Barton McCann 0-0: Ball
1-0: Called Strike
1-1: Ball
2-1: Swinging Strike
2-2: Strikes out looking
Bottom of the 8th over - 0 run(s), 0 hit(s), 0 error(s), 1 left on base; Long Island 0 - Durham 0
TOP OF THE 9TH
Long Island Seawolves batting - Pitching for Durham Rapiers : LHP David Cole
Now at 3B: Allen George
Now in CF: Barton McCann
Batting: RHB Francisco García 0-0: Ball
1-0: Foul Ball, location: 2F
1-1: Foul Ball, location: 2F
1-2: Strikes out swinging
Batting: RHB Jim Unknown 0-0: Foul Ball, location: 2F
0-1: Fly out, F8 (Flyball, 8RD)
Batting: RHB Jim Unknown 0-0: Called Strike
0-1: Ball
1-1: Swinging Strike
1-2: Ball
2-2: Reached on error, E5 (Groundball, 5)
Pitching: LHP Jeremy Petty
Batting: SHB Terry Conley 0-0: Ball
1-0: Ball
2-0: Foul Ball, location: 2F
2-1: Ball
3-1: Base on Balls
Jim Unknown to second
Batting: RHB Jim Unknown 0-0: Ball
1-0: Foul Ball, location: 2F
1-1: Foul Ball, location: 2F
1-2: Foul Ball, location: 2F
1-2: Ground out 1-3 (Groundball, 13S)
Top of the 9th over - 0 run(s), 0 hit(s), 1 error(s), 2 left on base; Long Island 0 - Durham 0
BOTTOM OF THE 9TH
Durham Rapiers batting - Pitching for Long Island Seawolves : RHP Jim Unknown
Pinch Hitting: LHB Alex Ford 0-0: Ball
1-0: Ball
2-0: Foul Ball, location: 2F
2-1: Ball
3-1: Called Strike
3-2: Base on Balls
Pitching: RHP Jim Unknown
Batting: RHB Luis Tapia 0-0: Ball
1-0: Ball
2-0: Called Strike
2-1: Foul Ball, location: 2F
2-2: Fly out, F7 (Flyball, 7LM)
Batting: SHB Dan Godwin 0-0: TRIPLE (Line Drive, 89S)
Alex Ford scores
This league is powered by Out of the Park Baseball, the baseball management simulation game for PC, Mac and Linux
Friday, January 22nd, 2016 - OOTP Baseball 16.9 Build 39